 Dungeon Sprint DCSS version 0.24-a0-537-g2d01d4a (webtiles) character file.

Game seed: 15710939314659281441

6 Faca the Slinger (level 2, -6/19 HPs)
             Began as a Halfling Hunter on Aug 16, 2019.
             Was an Initiate of Dithmenos.
             Killed from afar by a black draconian (25 damage)
             ... with a bolt of lightning
             ... in the Dungeon (Sprint V: "Ziggurat Sprint").
             The game lasted 00:03:46 (85 turns).

Faca the Slinger (Halfling Hunter)                    Turns: 85, Time: 00:03:47

Health: -6/19      AC:  3    Str: 25    XL:     2   Next: 0%
Magic:  2/2        EV: 14    Int:  9    God:    Dithmenos [......]
Gold:   0          SH:  7    Dex: 14    Spells: 1/1 levels left

rFire    . . .     SeeInvis .   o - +5 hunting sling
rCold    . . .     Gourm    .   a - +3 buckler
rNeg     . . .     Faith    .   c - +0 leather armour
rPois    .         Spirit   .   (no helmet)
rElec    .         Reflect  .   (no cloak)
rCorr    .         Harm     .   (no gloves)
MR       .....     NoTele   +   (no boots)
Stlth    +.........             (no amulet)
HPRegen  0.06/turn              H - +6 ring of strength
MPRegen  0.08/turn              I - +6 ring of strength

@: no status effects
A: small, mutation resistance 1
a: Renounce Religion


You were in the Dungeon.
You worshipped Dithmenos.
Dithmenos was noncommittal.
You were not hungry.

You visited 1 branch

Inventory:

Hand Weapons
 n - a +5 fustibalus
 o - a +5 hunting sling (weapon)
 y - a +5 quick blade
Missiles
 d - 1017 sling bullets (quivered)
Armour
 a - a +3 buckler (worn)
 c - a +0 leather armour (worn)
 l - +5 shadow dragon scales
 m - a +3 shield
Jewellery
 C - an uncursed ring of flight
 D - a +6 ring of dexterity
 E - a +6 ring of dexterity
 F - a +6 ring of intelligence
 G - a +6 ring of intelligence
 H - a +6 ring of strength (left hand)
 I - a +6 ring of strength (right hand)
Wands
 J - a wand of disintegration (7)
 K - a wand of iceblast (7)
 L - a wand of acid (7)
Scrolls
 k - 4 scrolls of blinking
 p - 4 scrolls of amnesia
 q - 7 scrolls of fog
 r - a scroll of holy word
 s - 5 scrolls of identify
 t - 5 scrolls of remove curse
 u - 2 scrolls of fear
Potions
 e - 10 potions of curing
 g - 10 potions of heal wounds
 h - 6 potions of haste
 i - 7 potions of magic
 j - 3 potions of berserk rage
 v - 2 potions of brilliance
 w - 2 potions of invisibility
 x - 4 potions of resistance
 A - 5 potions of agility
 B - 5 potions of might
Comestibles
 f - 7 rations


   Skills:
 - Level 1.7 Fighting
 + Level 11.8 Slings
 + Level 2.1 Dodging
 - Level 1.1 Stealth


You had one spell level left.
You didn't know any spells.
Your spell library was empty.

Dungeon Overview and Level Annotations

Branches:
Dungeon (1/1)

Altars:
Ashenzari
Cheibriados
Dithmenos
Elyvilon
Fedhas
Gozag
Hepliaklqana
Kikubaaqudgha
Makhleb
Nemelex Xobeh
Okawaru
Qazlal
Ru
Sif Muna
Trog
Uskayaw
Vehumet
Wu Jian
Xom
Yredelemnul
Zin
The Shining One
Beogh
Jiyva
Lugonu

Annotations:
D 1 transporter


Innate Abilities, Weirdness & Mutations

You are small and have problems with some larger weapons.
You are somewhat resistant to further mutation.


Message History

Aim: a black draconian, wielding a +0 war axe (catching its breath)
You shoot a sling bullet.
The sling bullet hits the black draconian!
The black draconian is lightly wounded.
Firing (i - inventory)
d - 1019 sling bullets (quivered)
Press: ? - help, Shift-Dir - straight line, f/p - black draconian
Aim: a black draconian, wielding a +0 war axe (lightly wounded)
You shoot a sling bullet.
The sling bullet hits the black draconian.
The black draconian is lightly wounded.
Firing (i - inventory)
d - 1018 sling bullets (quivered)
Press: ? - help, Shift-Dir - straight line, f/p - black draconian
Aim: a black draconian, wielding a +0 war axe (lightly wounded)
You shoot a sling bullet.
The sling bullet hits the black draconian!
The black draconian is lightly wounded.
The black draconian breathes lightning at you.
The bolt of lightning hits you!!
Ouch! That really hurt!
You die...

▓▓▓▓▓▓▓
▓.8©8.▓
▓.....▓
▓.(...▓
▓.dd..▓
▓.....▓
▓..@..▓
▓▓▓▓▓▓▓


You could see a black draconian and a draconian.

Vanquished Creatures (others)
  2 spatial maelstroms (D)
2 creatures vanquished.

Notes
Turn   | Place    | Note
-------+----------+-------------------------------------------
     0 | D        | Faca the Halfling Hunter began the quest for the Orb.
     0 | D        | Reached XP level 1. HP: 14/14 MP: 1/1
     0 | D        | Banished a spatial maelstrom
     2 | D        | Banished a spatial maelstrom
     3 | D        | Found a blossoming altar of Fedhas.
     4 | D        | Found the +6 Majin-Bo {vamp, Archmagi MP+6 Int+6}
     4 | D        | Found the +7 great mace "Firestarter" {inner flame, rF++}
     5 | D        | Found a viscous altar of Jiyva.
     5 | D        | Found a hazy altar of Hepliaklqana.
     5 | D        | Found a transporter.
     5 | D        | Found an opulent altar of Gozag.
     5 | D        | Found an ancient bone altar of Kikubaaqudgha.
     5 | D        | Found a corrupted altar of Lugonu.
    12 | D        | Found a burning altar of Makhleb.
    13 | D        | Found a sacrificial altar of Ru.
    13 | D        | Found a stormy altar of Qazlal.
    13 | D        | Found a shimmering blue altar of Sif Muna.
    13 | D        | Found an iron altar of Okawaru.
    13 | D        | Found a bloodstained altar of Trog.
    13 | D        | Found a sparkling altar of Nemelex Xobeh.
    42 | D        | Found the +9 heavy crossbow "Sniper" {velocity, Acc+∞ SInv}
    42 | D        | Found the +10 dark maul {crush}
    42 | D        | Found the +15 Maxwell's patent armour {-Cast -Tele rElec
                  | MR+ rCorr}
    42 | D        | Found the +18 shield of the Gong {rElec rN+ MR+ EV-5}
    42 | D        | Found the cursed +14 obsidian axe {chop, +Fly SInv *Curse}
    43 | D        | Found the +6 shillelagh "Devastator" {shatter}
    43 | D        | Found the +11 plutonium sword {*Contam Stlth-}
    43 | D        | Found the +8 lance "Wyrmbane" {slay drac, rPois rF+ rC+
                  | AC+3}
    43 | D        | Found the +9 sword of Zonguldrok {reap}
    43 | D        | Found the cursed +13 scythe of Curses {drain, *Curse}
    43 | D        | Found the +0 sword of Power
    43 | D        | Found the +7 mace of Variability {chain chaos}
    43 | D        | Found the +7 Singing Sword {slice, sonic wave}
    43 | D        | Found the +8 storm bow {elec, penet}
    52 | D        | Reached skill level 11 in Slings
    52 | D        | Reached XP level 2. HP: 19/19 MP: 2/2
    74 | D        | Became a worshipper of Dithmenos the Shadowed
    82 | D        | Entered arena 2.
    82 | D        | Noticed a black draconian
    82 | D        | Noticed a draconian
    82 | D        | Found a transporter.
    85 | D        | Killed from afar by a black draconian

Levels and vault maps discovered:
D:        sprint_v [room_start, room_1, room_2, room_3, room_4, room_5, room_6,
          room_7, room_8, room_9, room_10, room_11, room_12, room_13, room_14,
          room_15, room_16, room_17, room_18, room_19, room_20, room_21,
          room_22, room_23, room_24, room_25, room_26, room_27]

Skill      XL: |  1 |
---------------+----+-----
Slings         | 11 | 11.8
Fighting       | |  1.7
Dodging        | |  2.1
Stealth        | |  1.1

Action                   || total
-------------------------++-------
 Fire: Hunting sling     ||     3
  Use: Potion            ||     1
Dodge: Dodged            ||     1

Table legend:
 A = Non-vault XP
 B = Vault XP
 C = Vault XP percentage of total XP
 D = Non-vault monster count
 E = Vault monster count
 F = Vault count percentage of total count
                 A         B        C        D         E       F
            +---------+---------+-------+---------+---------+-------
      Total |       0 |       0 |   N/A |       0 |       0 |  -nan
            +---------+---------+-------+---------+---------+-------
            +---------+---------+-------+---------+---------+-------
